 Dungeon Crawl Stone Soup version 0.23.2-1-ga50397a6bc (webtiles) character file.

Game seed: 12708142102513670366

15025 Lysie the Geomancer (level 12, -3/59 HPs)
             Began as a Gargoyle Earth Elementalist on May 14, 2019.
             Was a High Priest of Vehumet.
             Slain by a spiny frog (15 damage)
             ... on level 3 of the Lair of Beasts.
             The game lasted 00:45:58 (11156 turns).

Lysie the Geomancer (Gargoyle Earth Elementalist)  Turns: 11156, Time: 00:45:58

Health: -3/59      AC: 13    Str: 12    XL:     12   Next: 22%
Magic:  27/39      EV: 12    Int: 21    God:    Vehumet [*****.]
Gold:   849        SH:  0    Dex: 13    Spells: 8/28 levels left

rFire    + . .     SeeInvis .   D - staff of power
rCold    x . .     Gourm    .   (no shield)
rNeg     + . .     Faith    .   c - +0 robe
rPois    ∞         Spirit   .   r - +0 helmet
rElec    +         Reflect  .   i - +1 cloak {+Inv}
rCorr    .         Harm     .   (no gloves)
MR       .....                  (no boots)
Stlth    ++........             q - amulet of magic regeneration
HPRegen  0.19/turn              G - +3 ring of dexterity
MPRegen  0.51/turn              B - ring of fire

@: no status effects
A: negative energy resistance 1, electricity resistance, unbreathing,
petrification resistance, rot immunity, AC +8
a: Renounce Religion, Evoke Invisibility


You were on level 3 of the Lair of Beasts.
You worshipped Vehumet.
Vehumet was extremely pleased with you.
You were not hungry.

You visited 3 branches of the dungeon, and saw 14 of its levels.

You collected 849 gold pieces.

Inventory:

Hand Weapons
 H - a +3 quarterstaff of pain
Missiles
 b - 91 stones (quivered)
Armour
 c - a +0 robe (worn)
 i - a +1 cloak of invisibility (worn)
 r - a +0 helmet (worn)
Magical Staves
 D - an uncursed staff of power (weapon)
Jewellery
 q - an amulet of magic regeneration (around neck)
 B - a ring of fire (right hand)
 G - a +3 ring of dexterity (left hand)
Wands
 K - a wand of flame (20)
 M - a wand of acid (16)
Scrolls
 p - 4 scrolls of immolation
 s - 2 scrolls of enchant armour
 z - 6 scrolls of remove curse
 A - a scroll of teleportation
Potions
 f - 4 potions of haste
 h - 2 potions of magic
 j - 5 potions of curing
 l - a potion of heal wounds
 v - 5 potions of brilliance
 x - 2 potions of agility
 E - 2 potions of flight
 L - a potion of invisibility
Comestibles
 d - 10 rations


   Skills:
   Level 7.3(7.7) Maces & Flails
 - Level 3.2(5.7) Staves
 - Level 1.5 Dodging
 - Level 2.1 Stealth
 - Level 8.7 Spellcasting
 + Level 7.9 Conjurations
   Level 0.7 Transmutations
 + Level 6.7 Fire Magic
 + Level 13.6 Earth Magic


You had 8 spell levels left.
You knew the following spells:

 Your Spells              Type           Power        Failure   Level  Hunger
a - Sandblast             Erth           ######       1%          1    None
b - Stone Arrow           Conj/Erth      ######       1%          3    None
c - Lee's Rapid Deconstr  Erth           ######....   1%          5    #####..
d - Bolt of Magma         Conj/Fire/Erth ######....   1%          5    #####..
e - Iron Shot             Conj/Erth      ######....   3%          6    ######.

Your spell library contained the following spells:

 Spells                   Type           Power        Failure   Level  Hunger
 Ozocubu's Refrigeration  Ice            #.........   93%         6    ######.
 Sting                    Conj/Pois      ####         1%          1    None
 Passwall                 Tmut/Erth      #####...     1%          2    None
 Conjure Flame            Conj/Fire      ######..     1%          3    None
 Mephitic Cloud           Conj/Pois/Air  ###.....     2%          3    None
 Petrify                  Tmut/Erth      #####...     3%          4    ###....
 Leda's Liquefaction      Hex/Erth       #####.....   4%          4    ###....
 Animate Skeleton         Necr           N/A          8%          1    None
 Apportation              Tloc           #.....       8%          1    None
 Confusing Touch          Hex            #.....       8%          1    None
 Pain                     Necr           #...         8%          1    None
 Summon Small Mammal      Summ           #...         8%          1    None
 Poisonous Vapours        Pois/Air       #.....       11%         2    None
 Iskenderun's Battlesphe  Conj/Chrm      ####....     11%         5    #####..
 Venom Bolt               Conj/Pois      ####......   11%         5    #####..
 Spider Form              Tmut/Pois      ##........   19%         3    None
 Olgreb's Toxic Radiance  Pois           #.......     19%         4    ###....
 Regeneration             Chrm/Necr      #.........   22%         3    None
 Vampiric Draining        Necr           #.........   22%         3    None
 Orb of Destruction       Conj           #####.....   50%         7    #######
 Animate Dead             Necr           N/A          58%         4    ###....
 Freezing Cloud           Conj/Ice/Air   ###.......   65%         6    ######.
 Spellforged Servitor     Conj/Summ      ####......   94%         7    #######
 Ring of Flames           Chrm/Fire      #####.....   100%        7    #######
 Shatter                  Erth           ######....   99%         9    #######
 Statue Form              Tmut/Erth      Unusable     N/A         6    N/A

Dungeon Overview and Level Annotations

Branches:
Dungeon (10/15)            Temple (1/1) D:5            Lair (3/6) D:10
  Swamp (0/4) Lair:2        Snake (0/4) Lair:2
    Orc: D:9-12

Altars:
Ashenzari
Cheibriados
Dithmenos
Elyvilon
Fedhas
Gozag
Hepliaklqana
Kikubaaqudgha
Makhleb
Nemelex Xobeh
Okawaru
Qazlal
Ru
Sif Muna
Trog
Uskayaw
Vehumet
Wu Jian
Xom
Yredelemnul
Zin
The Shining One

Shops:
D:8 =

Annotations:
D:3 1 runed translucent door, grerr's ghost, amateur DsAK


Innate Abilities, Weirdness & Mutations

You are resistant to torment.
Your stone body is resilient. (AC +8)
You are immune to poison.
You resist negative energy. (rN+)
You are resistant to electric shocks. (rElec)
You can survive without breathing.
You are immune to petrification.
You are immune to rotting.


Message History

The stone arrow hits the spiny frog!
The spiny frog is lightly wounded.
The spiny frog misses you.
Casting: Stone Arrow (safe; 1% risk of failure)
Confirm with . or Enter, or press ? or * to list all spells.
Aiming: Stone Arrow (safe; 1% risk of failure)
Press: ? - help, Shift-Dir - straight line, f/p - spiny frog
Aim: a spiny frog (lightly wounded)
The stone arrow hits the spiny frog.
The spiny frog is moderately wounded.
The spiny frog completely misses you.
Casting: Stone Arrow (safe; 1% risk of failure)
Confirm with . or Enter, or press ? or * to list all spells.
Aiming: Stone Arrow (safe; 1% risk of failure)
Press: ? - help, Shift-Dir - straight line, f/p - spiny frog
Aim: a spiny frog (moderately wounded)
The stone arrow hits the spiny frog!
The spiny frog is severely wounded.
The spiny frog stings you!
You die...

#.......#.#......###....#
#.....#......^...##...##
#..#...÷..#............##
#.#..#..........>.......#
#....#.....##............ #
###........####............
#.#P...†#...<..##............
###......#####÷###..#.(†.......
.......§#.# #@F#######.P#....#
..#...P....# #.......>...#..###
#...#..........÷..###..#..###
...##...P....###..........#..#.
.. . ............###....#....#
. .##...............Y....##...
#. #.........###.#...#####.#. #
.......... #.#....####..#
.##.#...P.......


You could see a spiny frog.

Vanquished Creatures
  2 two-headed ogres
  Nergalle (Lair:3)
  5 elephants (Lair:3)
  2 black mambas (Lair:2)
  A spiny frog (Lair:3)
  A komodo dragon (Lair:2)
  A polar bear (Lair:3)
  A queen bee (D:10)
  6 hippogriffs
  A wyvern (D:10)
  6 yaks
  A hungry ghost (D:10)
  A basilisk (Lair:2)
  A steam dragon (D:8)
  9 water moccasins
  2 ice beasts (D:10)
  2 porcupines
  3 orc warriors
  2 black bears (D:10)
  2 phantoms
  2 ogres (D:8)
  5 centaurs
  2 big kobolds
  5 crocodiles
  16 bullfrogs
  2 wyvern zombies
  3 scorpions
  A wyvern skeleton (D:7)
  12 wights
  26 killer bees
  An electric eel (Lair:2)
  6 crimson imps
  3 bullfrog zombies (D:8)
  A centaur zombie (D:9)
  A jelly (D:6)
  3 centaur skeletons (D:8)
  A gnoll shaman (D:8)
  6 orc priests
  3 hounds
  5 iguanas
  4 orc wizards
  4 worker ants
  A killer bee zombie (D:8)
  3 hound skeletons
  4 gnolls (D:7)
  17 adders
  A howler monkey skeleton (D:9)
  4 shadow imps
  An adder skeleton (D:8)
  A worm (D:3)
  2 dart slugs
  4 leopard geckos
  28 orcs
  4 ball pythons
  6 giant cockroaches
  5 hobgoblins
  15 jackals
  5 quokkas
  8 bats
  4 frilled lizards
  A giant cockroach zombie (D:5)
  4 goblins (D:3)
  12 kobolds
  A leopard gecko skeleton (D:8)
  A quokka skeleton (D:6)
  11 rats
305 creatures vanquished.

Notes
Turn   | Place    | Note
-------+----------+-------------------------------------------
     0 | D:1      | Lysie the Gargoyle Earth Elementalist began the quest for
                  | the Orb.
     0 | D:1      | Reached XP level 1. HP: 10/10 MP: 3/3
   351 | D:1      | Reached XP level 2. HP: 12/15 MP: 3/5
   384 | D:1      | Reached skill level 4 in Earth Magic
   832 | D:2      | Reached XP level 3. HP: 6/19 MP: 1/6
  1062 | D:2      | Found an iron altar of Okawaru.
  1592 | D:2      | Found a hazy altar of Hepliaklqana.
  1669 | D:2      | Found a deep blue altar of Sif Muna.
  1670 | D:2      | Found a snail-covered altar of Cheibriados.
  1724 | D:2      | You fall through a shaft!
  1821 | D:3      | Found a glowing golden altar of the Shining One.
  1824 | D:3      | Reached XP level 4. HP: 24/24 MP: 5/8
  2114 | D:3      | Found a runed translucent door.
  2114 | D:3      | Noticed grerr's ghost (amateur DsAK)
  2210 | D:3      | Reached skill level 5 in Earth Magic
  2489 | D:3      | Reached XP level 5. HP: 28/28 MP: 10/10
  2491 | D:3      | Found a faded altar of an unknown god.
  2640 | D:4      | Noticed a phantom
  2771 | D:4      | Learned a level 3 spell: Stone Arrow
  2777 | D:4      | Learned a level 5 spell: Lee's Rapid Deconstruction
  2873 | D:4      | Reached skill level 1 in Maces & Flails
  3191 | D:4      | Killed a phantom
  3191 | D:4      | Reached skill level 6 in Earth Magic
  3191 | D:4      | Reached XP level 6. HP: 32/32 MP: 0/12
  3462 | D:5      | Entered Level 5 of the Dungeon
  3776 | D:5      | Reached XP level 7. HP: 36/36 MP: 10/13
  3789 | D:5      | Found a staircase to the Ecumenical Temple.
  3818 | Temple   | Entered the Ecumenical Temple
  3914 | Temple   | Became a worshipper of Vehumet
  4040 | D:5      | Reached skill level 7 in Earth Magic
  4279 | D:5      | Found a blossoming altar of Fedhas.
  4386 | D:6      | Reached skill level 5 in Spellcasting
  4588 | D:6      | Reached XP level 8. HP: 25/41 MP: 3/15
  4950 | D:6      | Reached * piety under Vehumet
  4950 | D:6      | Offered knowledge of Sting by Vehumet.
  4989 | D:6      | Reached skill level 8 in Earth Magic
  5051 | D:6      | Noticed a hippogriff
  5073 | D:6      | Reached skill level 5 in Maces & Flails
  5086 | D:6      | Killed a hippogriff
  5140 | D:6      | Found a shattered altar of Ashenzari.
  5599 | D:7      | Reached XP level 9. HP: 45/45 MP: 15/18
  5627 | D:7      | Reached skill level 9 in Earth Magic
  5801 | D:7      | Reached ** piety under Vehumet
  5801 | D:7      | Offered knowledge of Shock by Vehumet.
  6062 | D:8      | Found Qego's Jewellery Emporium.
  6334 | D:8      | Noticed a two-headed ogre
  6340 | D:8      | Killed a two-headed ogre
  6340 | D:8      | Reached skill level 10 in Earth Magic
  6340 | D:8      | Reached XP level 10. HP: 50/50 MP: 21/21
  6451 | D:8      | Found a burning altar of Makhleb.
  6464 | D:8      | Reached skill level 1 in Staves
  6662 | D:8      | Offered knowledge of Throw Flame by Vehumet.
  7130 | D:8      | Reached *** piety under Vehumet
  7130 | D:8      | Reached skill level 11 in Earth Magic
  7546 | D:9      | Identified the Handbook of Toxic Earth
  7588 | D:9      | Noticed a two-headed ogre
  7602 | D:9      | Killed a two-headed ogre
  7836 | D:9      | Learned a level 5 spell: Bolt of Magma
  7880 | D:9      | Found a shimmering altar of Xom.
  7998 | D:9      | Offered knowledge of Ignite Poison by Vehumet.
  8220 | D:9      | Reached skill level 1 in Fire Magic
  8234 | D:10     | Entered Level 10 of the Dungeon
  8264 | D:10     | Reached **** piety under Vehumet
  8271 | D:10     | Offered knowledge of Olgreb's Toxic Radiance by Vehumet.
  8286 | D:10     | Reached XP level 11. HP: 45/54 MP: 23/23
  8294 | D:10     | Reached skill level 12 in Earth Magic
  8692 | D:10     | Reached skill level 5 in Conjurations
  8748 | D:10     | Found a staircase to the Lair.
  8820 | Lair:1   | Entered Level 1 of the Lair of Beasts
  9505 | Lair:2   | Learned a level 6 spell: Iron Shot
  9540 | Lair:2   | Found a staircase to the Swamp.
  9791 | Lair:2   | Found a staircase to the Snake Pit.
  9796 | Lair:2   | Reached ***** piety under Vehumet
  9801 | Lair:2   | Offered knowledge of Ozocubu's Refrigeration by Vehumet.
  9850 | Lair:2   | Reached skill level 5 in Fire Magic
 10498 | Lair:3   | Reached skill level 13 in Earth Magic
 10614 | Lair:3   | Noticed Nergalle
 10630 | Lair:3   | Killed Nergalle
 10703 | Lair:3   | Reached XP level 12. HP: 58/59 MP: 10/24
 11156 | Lair:3   | Slain by a spiny frog

Skill      XL: |  1  2  3  4  5  6  7  8  9 10 11 |
---------------+----------------------------------+-----
Earth Magic    | 4 5 6 7 8 10 11 13 | 13.6
Spellcasting   | 3 4 5 6 7 8 |  8.7
Maces & Flails | 2 4 5 7 |  7.3
Staves         | 3 |  3.2
Conjurations   | 3 7 |  7.9
Fire Magic     | 2 6 |  6.7
Dodging        | |  1.5
Stealth        | |  2.1
Transmutations | |  0.7

Action                   |  1- 3 |  4- 6 |  7- 9 | 10-12 || total
-------------------------+-------+-------+-------+-------++-------
Melee: Whip              |    61 |    90 |     9 |       ||   160
       Unarmed           |     1 |       |       |       ||     1
       Flail             |       |       |    94 |       ||    94
       Staff             |       |       |       |    51 ||    51
 Cast: Sandblast         |    33 |    52 |   111 |   178 ||   374
       Stone Arrow       |       |     4 |    15 |   131 ||   150
       Lee's Rapid Decon |       |       |     2 |    10 ||    12
       Bolt of Magma     |       |       |       |    13 ||    13
       Iron Shot         |       |       |       |     2 ||     2
  Use: Scroll            |     2 |     7 |     2 |    23 ||    34
       Potion            |       |       |       |     2 ||     2
 Stab: Sleeping          |     5 |     1 |     2 |     1 ||     9
  Eat: Ration            |     1 |     2 |     2 |     6 ||    11
       Chunk             |     1 |       |       |     4 ||     5
Armor: Robe              |    23 |    68 |    61 |    91 ||   243
Dodge: Dodged            |    59 |    77 |   100 |   152 ||   388
